 Dungeon Crawl Stone Soup version 0.22.1-5-g62c59d9 (webtiles) character file.

231 troglodite the Slasher (level 5, -1/63 HPs)
             Began as a Demonspawn Berserker on Jan 8, 2019.
             Was a Priest of Trog.
             Succumbed to a killer bee's poison
             ... on level 2 of the Dungeon.
             The game lasted 00:08:02 (2423 turns).

troglodite the Slasher (Demonspawn Berserker)       Turns: 2423, Time: 00:08:03

Health: -1/63      AC: 14    Str: 23    XL:     5   Next: 72%
Magic:  5/5        EV:  9    Int:  8    God:    Trog [***...]
Gold:   124        SH:  0    Dex: 13    Spells: 4/4 levels left

rFire    . . .     SeeInvis .   a - +0 falchion
rCold    + . .     Gourm    .   (no shield)
rNeg     . . .     Faith    .   t - +0 chain mail
rPois    .         Spirit   .   (helmet restricted)
rElec    .         Reflect  .   (no cloak)
rCorr    .         Harm     .   d - +2 pair of gloves
MR       .....                  (no boots)
Stlth    ..........             (no amulet)
HPRegen  0.20/turn              (no ring)
MPRegen  0.09/turn              (no ring)

@: berserking (expiring), lethally poisoned (-1 -> -22), very quick
A: antennae 1, iridescent scales 1, cold resistance 1, freezing cloud immunity
a: Berserk, Trog's Hand, Renounce Religion


You were on level 2 of the Dungeon.
You worshipped Trog.
Trog was most pleased with you.
You were hungry.

You visited 1 branch of the dungeon, and saw 3 of its levels.

You collected 124 gold pieces.

Inventory:

Hand Weapons
 a - a +0 falchion (weapon)
Armour
 d - a +2 pair of gloves (worn)
 t - a +0 chain mail (worn)
Scrolls
 b - a scroll of random uselessness {unknown}
 e - a scroll of amnesia {unknown}
 f - a scroll of fear {unknown}
 i - 2 scrolls of identify {unknown}
 k - a scroll of blinking {unknown}
 l - 2 scrolls of fog {unknown}
 m - a scroll of remove curse {unknown}
 n - a scroll of noise {unknown}
 o - a scroll of teleportation {unknown}
 q - a scroll of enchant armour {unknown}
 s - a scroll of immolation {unknown}
Potions
 g - a potion of lignification {unknown}
 j - a potion of curing {unknown}
 p - a potion of heal wounds {unknown}
Comestibles
 c - 8 rations
 r - 13 chunks of flesh


   Skills:
 * Level 4.1 Fighting
 + Level 4.2 Long Blades
 * Level 2.9 Armour
 * Level 2.5 Dodging
 + Level 0.3 Stealth


You had 4 spell levels left.
You didn't know any spells.
Your spell library was empty.

Dungeon Overview and Level Annotations

Branches:
Dungeon (3/15)

Altars:
Fedhas


Innate Abilities, Weirdness & Mutations

You have a pair of small antennae on your head.
You are partially covered in iridescent scales. (AC +2)
Your flesh is cold resistant. (rC+)
You are immune to freezing clouds.


Message History

You miss the killer bee.
* * * LOW HITPOINT WARNING * * *
You feel sick.
The killer bee stings you but does no damage.
You slash the killer bee!
The killer bee is heavily wounded.
* * * LOW HITPOINT WARNING * * *
You feel sick.
The killer bee stings you but does no damage.
The killer bee barely misses you.
You riposte.
You barely miss the killer bee.
The killer bee is heavily wounded.
You are too berserk!
You closely miss the killer bee.
The killer bee is heavily wounded.
* * * LOW HITPOINT WARNING * * *
You feel sick.
The killer bee stings you but does no damage.
You hit the killer bee.
The killer bee is almost dead.
You die...

...............#
#..(...###.###
######.#.###...#
###.#.#......... ##.##
#...###.......[....###
###
#.......#.#.#.######
#.#.#####.....#
#<.#.## ###.###
####.###.## #.# #...##
##.# #.# #.##.###@##
#.# ##### #.###.#y##
#.###...# #.# #..##
#.....#.# #.# #.##
#####...# #.# #.#
##.## #.# #.# #.# #.#
#.# #.# #.# #.# #.#
#.# #.# #>#


You could see a killer bee.

Vanquished Creatures
  2 killer bees (D:2)
  Natasha (D:2)
  Robin (D:3)
  2 adders (D:2)
  2 oozes
  4 worms
  A dart slug (D:1)
  7 bats
  2 giant cockroaches (D:2)
  15 goblins
  9 hobgoblins
  4 jackals (D:1)
  8 kobolds
  A quokka (D:3)
  2 ball pythons
  4 frilled lizards
  6 rats
71 creatures vanquished.

Notes
Turn   | Place    | Note
-------+----------+-------------------------------------------
     0 | D:1      | troglodite the Demonspawn Berserker began the quest for the
                  | Orb.
     0 | D:1      | Reached XP level 1. HP: 18/18 MP: 1/1
   108 | D:1      | Gained mutation: Your flesh is cold resistant. (rC+)
                  | [demonic ancestry]
   108 | D:1      | Reached XP level 2. HP: 23/24 MP: 2/2
   568 | D:1      | Reached ** piety under Trog
   628 | D:1      | Gained mutation: You are partially covered in iridescent
                  | scales. (AC +2) [demonic ancestry]
   628 | D:1      | Reached XP level 3. HP: 29/29 MP: 3/3
  1418 | D:2      | Noticed Natasha
  1430 | D:2      | Killed Natasha
  1430 | D:2      | Gained mutation: You are immune to freezing clouds.
                  | [demonic ancestry]
  1430 | D:2      | Reached XP level 4. HP: 15/37 MP: 4/4
  2008 | D:2      | Found a blossoming altar of Fedhas.
  2290 | D:3      | Noticed Robin
  2294 | D:3      | Reached *** piety under Trog
  2300 | D:3      | Killed Robin
  2303 | D:3      | Gained mutation: You have a pair of small antennae on your
                  | head. [demonic ancestry]
  2303 | D:3      | Reached XP level 5. HP: 42/42 MP: 5/5
  2421 | D:2      | HP: 2/63 [poisoned by a killer bee]
  2423 | D:2      | Succumbed to a killer bee's poison

Skill      XL: |  1  2  3  4  5 |
---------------+----------------+-----
Dodging        | 2 |  2.5
Long Blades    | 3 4 |  4.2
Armour         | 2 |  2.9
Fighting       | 4 |  4.1
Stealth        | |  0.3

Action                   |  1- 3 |  4- 6 || total
-------------------------+-------+-------++-------
Melee: Falchion          |   119 |   121 ||   240
Invok: Berserk           |       |     2 ||     2
 Stab: Sleeping          |     1 |       ||     1
  Eat: Chunk             |     1 |     2 ||     3
       Ration            |       |     1 ||     1
Armor: Animal skin       |    19 |       ||    19
       Scale mail        |    34 |    48 ||    82
       Chain mail        |       |    31 ||    31
Dodge: Dodged            |    77 |    93 ||   170
       Rpst.: Falchion   |    35 |    34 ||    69
